 Dungeon Sprint DCSS version 0.29-a0-459-g97dee8cd24 (webtiles) character file.

Game seed: 9372038060225875445

671 mhtbhm the Fighter (level 7, 0/106 HPs)
             Began as a Red Draconian Berserker on May 20, 2022.
             Was an Elder of Trog.
             Succumbed to a killer bee's poison
             ... in the Dungeon (Sprint IV: "Fedhas' Mad Dash").
             The game lasted 00:02:08 (1025 turns).

mhtbhm the Fighter (Red Draconian Berserker)        Turns: 1025, Time: 00:02:09

Health: 0/106      AC: 23    Str: 21    XL:     7   Next: 32%
Magic:  7/7        EV:  2    Int:  7    God:    Trog [****..]
Gold:   99         SH:  0    Dex: 11    Spells: 6/6 levels left

rFire   . . .      SeeInvis .   a - +0 falchion
rCold   . . .      Faith    .   (no shield)
rNeg    . . .      Spirit   .   (body armour unavailable)
rPois   +          Reflect  .   (helmet currently unavailable)
rElec   .          Harm     .   (cloak currently unavailable)
rCorr   .          Rampage  .   (gloves currently unavailable)
Will    .....      NoTele   +   (boots currently unavailable)
Stlth   +++.......              j - amulet of invisibility {+Inv}
HPRegen 0.27/turn               (no ring)
MPRegen 0.10/turn               (no ring)

@: lethally poisoned (0 -> -13), short of breath, tree-form, on berserk
cooldown, very slightly contaminated
A: stationary, stasis, torment immunity, boosted hp, (breathe fire), AC +6,
unfitting armour, (fire resistance 1), (cold-blooded)
a: Renounce Religion, Evoke Invisibility, Berserk, Trog's Hand, Brothers in Arms


You were in the Dungeon.
You worshipped Trog.
Trog was greatly pleased with you.
You were a tree.
You visited 1 branch You collected 99 gold pieces.

Inventory:

Hand Weapons
 a - a +0 falchion (weapon)
Armour
 k - a +0 cloak (melded)
Jewellery
 j - the amulet of invisibility (around neck) {+Inv}
   (You found it in the Dungeon)

   [amulet of nothing]

   +Inv:      It lets you turn invisible.
Scrolls
 g - a scroll of blinking
 i - a scroll of identify {unknown}
Potions
 d - a potion of haste
 e - 2 potions of magic
 f - a potion of berserk rage
 h - a potion of lignification


   Skills:
 + Level 9.8 Fighting
 + Level 9.7 Long Blades
 + Level 6.9 Dodging
 + Level 5.5 Stealth
 + Level 4.5 Evocations


You had 6 spell levels left.
You didn't know any spells.
Your spell library was empty.

Dungeon Overview and Level Annotations

Branches:
Dungeon (1/1)

Altars:
Cheibriados
Dithmenos
Elyvilon
Gozag
Hepliaklqana
Kikubaaqudgha
Makhleb
Nemelex Xobeh
Okawaru
Qazlal
Ru
Sif Muna
Trog
Uskayaw
Vehumet
Wu Jian
Xom
Yredelemnul
Zin
The Shining One
Beogh
Jiyva
Lugonu

Shops:
D ![


Innate Abilities, Weirdness & Mutations

You are a tree.
Your roots penetrate the ground, keeping you stationary.
You cannot be teleported.
You are immune to unholy pain and torment.
Your maximum health is greatly increased.
Your equipment is partially melded.
((You can breathe blasts of fire.))
((Your fiery red scales are hard. (AC +6)))
You cannot fit into any form of body armour.
((Your flesh is heat resistant. (rF+)))
((You are cold-blooded and may be slowed by cold attacks.))


Message History

* * * LOW HITPOINT WARNING * * *
The killer bee stings you but does no damage.
Unknown command.
You miss the killer bee. You tail-slap the killer bee.
The killer bee is moderately wounded.
The killer bee misses you. The killer bee barely misses you.
Unknown command.
You barely miss the killer bee.
The killer bee is moderately wounded.
The killer bee stings you.
* * * LOW HITPOINT WARNING * * *
You are poisoned.
The killer bee poisons you!
Unknown command.
Aiming: Breathe Fire (5% risk of failure)
Press: ? - help, Shift-Dir - straight line, f - killer bee
Aim: a killer bee (moderately wounded, 39% to hit)
You breathe a blast of fire.
The fiery breath hits the killer bee!
The killer bee is severely wounded.
* * * LOW HITPOINT WARNING * * *
You feel sick. The killer bee closely misses you. The killer bee stings you.
* * * LOW HITPOINT WARNING * * *
Unknown command.
Unknown command.
It was a potion of lignification.
You turn into a tree.
Your +0 cloak melds into your body.
Your roots penetrate the ground.
You feel sick.
The killer bee stings you but does no damage. x2
You hit the killer bee.
The killer bee is severely wounded.
You feel sick.
The killer bee stings you but does no damage.
The killer bee stings you.
* * * LOW HITPOINT WARNING * * *
You are more poisoned.
The killer bee poisons you!
Okay, then.
You miss the killer bee.
The killer bee is severely wounded.
You die...

###############################
#<..P#.....#.....#.⌠._._._._.⌠.
#PP..÷.....'.#)..'.._._._._._..
#PPPP#.....#.#...#..._._._._...
###############'##.._._._._._..
#...♣....☼...y♣..#._._._._._.⌠.
#......♣.....#...##############
#.....♣..♣..######
##+####+#####


You could see a killer bee.

Vanquished Creatures
  A queen bee (D)
  2 scorpions (D)
  3 killer bees (D)
  4 oklob saplings (D)
  2 spriggans (D)
  A river rat (D)
  A rat (D)
14 creatures vanquished.

Notes
Turn   | Place    | Note
-------+----------+-------------------------------------------
     0 | D        | mhtbhm the Draconian Berserker began the quest for the Orb.
     0 | D        | Reached XP level 1. HP: 19/19 MP: 1/1
    10 | D        | Reached XP level 2. HP: 27/27 MP: 2/2
   221 | D        | Noticed an oklob sapling
   223 | D        | Killed an oklob sapling
   224 | D        | Reached skill level 5 in Fighting
   224 | D        | Reached XP level 3. HP: 36/36 MP: 3/3
   282 | D        | Noticed a scorpion
   282 | D        | Found the amulet of invisibility {+Inv}
   285 | D        | Killed a scorpion
   285 | D        | Reached ** piety under Trog
   286 | D        | Reached skill level 5 in Dodging
   286 | D        | Reached XP level 4. HP: 45/45 MP: 4/4
   323 | D        | Found an opulent altar of Gozag.
   323 | D        | Found a hazy altar of Hepliaklqana.
   323 | D        | Found a burning altar of Makhleb.
   323 | D        | Found a sparkling altar of Nemelex Xobeh.
   323 | D        | Found a snail-covered altar of Cheibriados.
   323 | D        | Found a sacrificial altar of Ru.
   323 | D        | Found a shimmering blue altar of Sif Muna.
   323 | D        | Found a shimmering altar of Xom.
   323 | D        | Found a basalt altar of Yredelemnul.
   324 | D        | Found a viscous altar of Jiyva.
   324 | D        | Found a bloodstained altar of Trog.
   324 | D        | Found an ornate altar of the Wu Jian Council.
   325 | D        | Found an iron altar of Okawaru.
   325 | D        | Found a shadowy altar of Dithmenos.
   325 | D        | Found a glowing silver altar of Zin.
   326 | D        | Found an ancient bone altar of Kikubaaqudgha.
   326 | D        | Found a hide-covered altar of Uskayaw.
   327 | D        | Found a stormy altar of Qazlal.
   327 | D        | Found a white marble altar of Elyvilon.
   327 | D        | Found a glowing golden altar of the Shining One.
   328 | D        | Found a corrupted altar of Lugonu.
   328 | D        | Found a radiant altar of Vehumet.
   336 | D        | Reached XP level 5. HP: 52/52 MP: 3/5
   407 | D        | Reached skill level 1 in Stealth
   407 | D        | Reached skill level 1 in Evocations
   723 | D        | Reached *** piety under Trog
   725 | D        | Reached XP level 6. HP: 62/62 MP: 6/6
   879 | D        | Found Itamiff's Antique Armour Shop.
   879 | D        | Found Qecil's Distillery.
   970 | D        | Noticed a queen bee
   989 | D        | Killed a queen bee
   990 | D        | Your scales start taking on a fiery red colour.
   990 | D        | Reached XP level 7. HP: 70/70 MP: 5/7
   990 | D        | Gained mutation: Your flesh is heat resistant. (rF+) [Red
                  | Draconian growth]
   993 | D        | Reached **** piety under Trog
   994 | D        | Reached skill level 5 in Stealth
  1024 | D        | HP: 3/106 [killer bee (5)]
  1025 | D        | Succumbed to a killer bee's poison

Illustrated notes

Levels and vault maps discovered:
D:        dungeon_sprint_fedhas [sprint_temple]

Skill      XL: |  1  2  3  4  5  6  7 |
---------------+----------------------+-----
Fighting       | 4 5 6 7 8 9 |  9.8
Dodging        | 3 4 5 6 |  6.9
Long Blades    | 4 6 8 9 |  9.7
Stealth        | 2 4 5 |  5.5
Evocations     | 2 4 |  4.5

Action                   |  1- 3 |  4- 6 |  7- 9 || total
-------------------------+-------+-------+-------++-------
Melee: Falchion          |     6 |    43 |    16 ||    65
       Tailslap          |       |    11 |     3 ||    14
       Punch             |       |     1 |       ||     1
Invok: Berserk           |     3 |     5 |       ||     8
 Abil: Evoke Invisibilit |       |     4 |     1 ||     5
       Breathe Fire      |       |       |     2 ||     2
  Use: Potion            |       |       |     3 ||     3
 Stab: Sleeping          |       |     2 |       ||     2
       Invisible         |       |     7 |     3 ||    10
Armor: Skin              |       |     8 |    12 ||    20
Dodge: Dodged            |     3 |    33 |    50 ||    86

Table legend: (Time is in decaauts)
 A = Elapsed time spent in this place.
 B = Non-inter-level travel time spent in this place.
 C = Inter-level travel time spent in this place.
 D = Time resting spent in this place.
 E = Time spent auto-exploring this place.
 F = Levels seen in this place.
 G = Mean time per level.
                   A        B        C        D        E       F      G
               +--------+--------+--------+--------+--------+-----+--------+
         Total |   1094 |   1094 |      0 |    842 |      0 |   1 | 1094.0 |
       Dungeon |   1094 |   1094 |      0 |    842 |      0 |   1 | 1094.0 |
               +--------+--------+--------+--------+--------+-----+--------+

Top non-repeatable levels by time:
       D: 1094 daAuts
